 Dungeon Crawl Stone Soup version 0.31.0-32-g396128a36d (webtiles) character file.

Game seed: 8320095231348669136

2 spaghetti the Grave Robber (level 1, 2/15 HPs)
             Began as a Naga Necromancer on Mar 13, 2024.
             Quit the game on level 1 of the Dungeon.
             The game lasted 00:00:46 (71 turns).

spaghetti the Grave Robber (Naga Necromancer)         Turns: 71, Time: 00:00:46

Health: 2/15       AC:  1    Str: 10    XL:     1   Next: 30%
Magic:  0/3        EV:  9    Int: 15    God:
Gold:   0          SH:  0    Dex: 11    Spells: 3/4 levels left

rFire   . . .        (no weapon)
rCold   . . .        (no shield)
rNeg    . . .        a - +0 robe
rPois   +            (no helmet)
rElec   .            (no cloak)
rCorr   .            (no gloves)
SInv    +            (no barding)
Will    .....        (no amulet)
Stlth   ++           (no ring)
HPRegen 0.22/turn    (no ring)
MPRegen 0.08/turn

%: no passive effects
@: very slow
A: AC +0, large, see invisible, deformed body, poison resistance, slowness 2,
spit poison 1, naga tail 1
a: Spit Poison


You were on level 1 of the Dungeon.
You visited 1 branch of the dungeon, and saw 1 of its levels.

Inventory:

Armour
 a - a +0 robe (worn)
Potions
 b - a potion of magic


   Skills:
 - Level 1.5 Dodging
 - Level 3.0 Stealth
 - Level 2.0 Spellcasting
 + Level 4.1 Necromancy


You had 3 spell levels left.
You knew the following spells:

 Your Spells              Type           Power      Damage    Failure   Level
a - Necrotise             Necr           52%        1d6       4%          1

Your spell library contained the following spells:

 Spells                   Type           Power      Damage    Failure   Level
 Vampiric Draining        Necr           13%        2d6       12%         3
 Animate Dead             Necr           13%        N/A       38%         4
 Curse of Agony           Necr           13%        N/A       75%         5


Dungeon Overview and Level Annotations

Branches:
Dungeon (1/15)

Altars:


Innate Abilities, Weirdness & Mutations

Your serpentine skin is tough. (AC +0)
You have supernaturally acute eyesight. (SInv)
Armour fits poorly on your strangely shaped body.
Your system is resistant to poisons. (rPois)
You cover ground very slowly.
You can spit poison.
You have a snake-like lower body.


Message History

You don't have enough magic to cast this spell.
Casting: Necrotise (safe; 4% risk of failure)
Confirm with . or Enter, or press ? or * to list all spells.
You don't have enough magic to cast this spell.
You barely miss the endoplasm. The bat hits you but does no damage.
The endoplasm barely misses you. The bat closely misses you.
Unknown command.
Unknown command.
You hit the endoplasm.
The endoplasm is moderately wounded.
The bat barely misses you. The endoplasm hits you.
You hit the endoplasm.
The endoplasm is heavily wounded.
The bat closely misses you. x2; The endoplasm hits you.
You hit the endoplasm but do no damage.
The endoplasm is heavily wounded.
The bat completely misses you. The endoplasm hits you.
* * * LOW HITPOINT WARNING * * *
The bat hits you.
* * * LOW HITPOINT WARNING * * *
You hit the endoplasm but do no damage.
The endoplasm is heavily wounded.
The bat completely misses you. The endoplasm freezes you.
You are frozen.
* * * LOW HITPOINT WARNING * * *
You swap places.
The bat hits your kobold skeleton.
The bat barely misses your kobold skeleton.
Your kobold skeleton barely misses the bat.
The endoplasm closely misses your kobold skeleton.
Your kobold skeleton misses the bat.
Are you sure you want to abandon this character and quit the game? (Confirm with "yes".)
Okay, then.
Unknown command.
Unknown command.
Are you sure you want to abandon this character and quit the game? (Confirm with "yes".)
Okay, then.
Unknown command.
Unknown command.
Are you sure you want to abandon this character and quit the game? (Confirm with "yes".)

.♣ ...#
#####
#.(#
....#####
#..#
........#
#..#
....###.#
#..#
##### #.#
#b.# P♣
####.#
#bJ#
♣..#....#
#Z#
PPP####.#
#@# P.P#
#.# #.#


PPP# ##.########.# ###...........# #....###.####.# #..#.# #.# #.# #..#.# #.# #.#
#..#.# #.# #.# #..#.# #.# #.# You could see an endoplasm, 2 bats and a friendly
kobold skeleton.

Vanquished Creatures
  A kobold (D:1)
  A rat (D:1)
2 creatures vanquished.

Notes
Turn   | Place    | Note
-------+----------+-------------------------------------------
     0 | D:1      | spaghetti the Naga Necromancer began the quest for the Orb.
     0 | D:1      | Reached XP level 1. HP: 15/15 MP: 3/3
    71 | D:1      | Quit the game

Illustrated notes

Levels and vault maps discovered:
D:1:      minmay_arrival_arboretum_large, layout_loops_ring

Action                     || total
---------------------------++-------
  Melee: Unarmed           ||     5
   Cast: Necrotise         ||     5
 Armour: Robe              ||    10
  Dodge: Dodged            ||     9
